Map: Ascension to Aiur LE

Players

Dessa

  • Race: Zerg Zerg
  • League: Diamond
  • Spawn Location: 11:00

Austera - Winner!

  • Race: Protoss Protoss
  • League: Diamond
  • Spawn Location: 5:00

VOD

Have the link to the VOD?

Description

Time

  • Played on: Dec. 27, 2017, 2:51 p.m.
  • Length: 16:21
Show
View Real Time Build Order
Export as new Build Order

Dessa Zerg 

Build Orders: Pool First, Lurkers 

Get SALT Encoding   

  12  0:00  Drone  
  13  0:13  Overlord  
  13  0:19  Drone  
  14  0:33  Drone x2  
  16  0:36  Drone  
  16  0:39  Extractor  
  16  0:46  Drone  
  17  0:55  Spawning Pool  
  16  0:58  Drone  
  17  1:11  Drone  
  18  1:28  Hatchery  
  17  1:33  Drone  
  17  1:37  Overlord  
  18  1:46  Metabolic Boost  
  18  1:58  Queen  
  20  2:01  Zergling x2  
  20  2:05  Drone  
  22  2:09  Drone  
  23  2:17  Drone  
  24  2:36  Queen  
  26  2:43  Queen  
  28  2:44  Drone x2  
  28  2:45  Drone  
  28  2:47  Drone  
  32  2:53  Drone  
  33  2:58  Drone, Extractor  
  33  3:03  Drone  
  34  3:13  Overlord  
  34  3:23  Overlord  
  34  3:25  Drone x2  
  36  3:31  Drone x2  
  38  3:34  Queen  
  38  3:35  Queen  
  42  3:43  Spore Crawler  
  42  3:44  Spore Crawler  
  42  3:45  Drone  
  42  3:47  Drone x2  
  43  4:02  Zergling x8  
  47  4:23  Hatchery  
  46  4:33  Drone x6  
  46  4:35  Overlord  
  52  4:56  Drone x3, Extractor  
  52  4:57  Overlord  
  52  4:58  Extractor  
  52  4:59  Lair  
  53  5:02  Drone x2, Roach Warren  
  53  5:03  Evolution Chamber  
  53  5:13  Overlord  
  53  5:15  Overlord  
  53  5:30  Zerg Missile Weapons Level 1  
  52  5:36  Drone x3  
  52  5:37  Drone x3, Overlord  
  58  5:44  Overlord  
  58  5:47  Drone x4  
  62  5:54  Roach  
  64  5:59  Pneumatized Carapace  
  64  6:06  Zergling x4, Roach  
  68  6:22  Spore Crawler  
  68  6:25  Roach x4, Zergling x4  
  77  6:26  Roach x6  
  89  6:45  Drone x2  
  89  6:46  Drone x4  
  95  6:48  Glial Reconstitution  
  95  7:05  Drone x4  
  95  7:06  Drone x3  
  95  7:08  Drone x2, Extractor  
  103  7:09  Extractor, Overlord x2  
  93  7:45  Drone x3  
  93  7:46  Drone x3  
  99  7:55  Hydralisk Den  
  99  7:57  Extractor, Hatchery  
  96  8:00  Extractor  
  95  8:08  Evolution Chamber  
  94  8:15  Drone x3  
  94  8:17  Drone  
  94  8:18  Drone, Overlord x2  
  99  8:28  Lurker Den  
  96  8:55  Roach x2  
  100  8:56  Roach x8  
  100  8:57  Roach x2  
  100  9:01  Zerg Missile Weapons Level 2  
  100  9:02  Zerg Ground Armor Level 1  
  120  9:13  Hydralisk  
  120  9:14  Hydralisk x8  
  138  9:18  Ravager x3  
  138  9:19  Ravager x3  
  138  9:20  Overlord x4  
  144  9:29  Overlord x2  
  144  9:38  Hydralisk  
  144  9:39  Overlord x2  
  146  9:57  Roach, Hydralisk x2, Muscular Augments  
  146  9:58  Roach x2  
  156  10:00  Overlord  
  156  10:01  Overlord  
  156  10:13  Lurker x6  
  162  10:19  Hydralisk x6, Lurker x2  
  162  10:20  Hydralisk x2  
  127  11:29  Hydralisk x2  
  127  11:30  Roach x4, Hydralisk x7  
  127  11:31  Roach x4  
  161  11:33  Queen  
  161  11:37  Queen  
  165  11:52  Infestation Pit  
  164  12:03  Lurker x4  
  164  12:06  Lurker x2  
  170  12:11  Overlord x2  
  170  12:22  Zerg Ground Armor Level 2  
  170  12:28  Hive  
  170  12:47  Roach, Hydralisk x4  
  170  12:48  Roach x3  
  91  13:29  Hydralisk x2  
  91  13:30  Roach x5, Hydralisk x5  
  91  13:31  Roach x4, Hydralisk x2  
  91  13:32  Roach  
  132  13:34  Lurker x3  
  132  13:36  Lurker  
  137  13:48  Roach x3  
  137  13:49  Roach x2  
  143  14:15  Extractor  
  142  14:17  Hatchery  
  142  14:19  Lurker x2  
  142  14:20  Lurker x3  
  142  14:21  Extractor, Infestor x2  
  131  14:57  Adaptive Talons  
  126  15:02  Roach  
  126  15:03  Roach x6  
  126  15:04  Roach x5  
  121  15:24  Roach  
  121  15:25  Roach x8  
  121  15:26  Roach x2  
  141  16:01  Hatchery  
Show
View Real Time Build Order
Export as new Build Order

Austera Protoss - Winner!

Build Orders: 1 Gate Expand, Oracle Opening 

Get SALT Encoding   

  12  0:00  Probe  
  13  0:13  Probe  
  14  0:21  Pylon  
  14  0:25  Probe  
  15  0:39  Probe  
  16  0:42  Gateway  
  16  0:51  Probe (Chrono Boost)  
  16  0:54  Assimilator  
  17  1:03  Probe (Chrono Boost)  
  18  1:08  Probe (Chrono Boost)  
  19  1:17  Probe  
  20  1:34  Nexus  
  20  1:37  Cybernetics Core  
  19  1:42  Probe (Chrono Boost)  
  20  1:51  Assimilator  
  21  1:54  Probe (Chrono Boost)  
  21  1:56  Pylon  
  21  2:02  Probe (Chrono Boost)  
  22  2:14  Probe  
  23  2:17  Adept (Chrono Boost)  
  23  2:18  Warp Gate  
  25  2:28  Probe  
  26  2:35  Stargate  
  26  2:40  Probe  
  26  2:44  Adept  
  29  2:46  Probe  
  30  2:52  Probe  
  31  2:58  Probe  
  31  3:05  Probe  
  33  3:10  Probe  
  33  3:11  Adept  
  36  3:16  Oracle (Chrono Boost)  
  36  3:17  Probe  
  40  3:22  Gateway  
  41  3:27  Probe (Chrono Boost), Gateway  
  41  3:31  Probe (Chrono Boost)  
  42  3:38  Adept  
  45  3:41  Probe x2 (Chrono Boost)  
  46  3:54  Robotics Facility  
  46  4:01  Pylon  
  46  4:05  Assimilator  
  46  4:19  Probe x2  
  48  4:30  Pylon  
  48  4:31  Probe x2  
  48  4:32  Sentry x2  
  54  4:46  Immortal (Chrono Boost)  
  54  4:48  Probe x2  
  60  4:54  Pylon  
  60  4:56  Gateway x2  
  60  5:00  Adept  
  60  5:05  Assimilator  
  60  5:06  Pylon  
  62  5:09  Pylon  
  62  5:12  Probe x2  
  64  5:21  Immortal (Chrono Boost)  
  64  5:22  Pylon  
  64  5:24  Probe  
  64  5:25  Gateway  
  64  5:27  Gateway  
  69  5:32  Probe  
  69  5:33  Adept  
  69  5:34  Adept  
  74  5:36  Probe  
  74  5:39  Twilight Council  
  74  5:41  Forge  
  75  5:44  Probe  
  76  6:01  Zealot  
  78  6:05  Nexus  
  78  6:06  Pylon  
  78  6:12  Probe x2  
  78  6:13  Warp Prism  
  78  6:17  Protoss Ground Weapons Level 1  
  82  6:25  Photon Cannon  
  82  6:27  Pylon  
  82  6:32  Templar Archives, Charge  
  82  6:35  Sentry x2  
  82  6:37  Probe x2  
  88  6:49  Probe x2  
  90  7:09  Zealot  
  90  7:10  Zealot x5, Immortal (Chrono Boost)  
  106  7:18  Probe  
  106  7:19  Probe x2  
  109  7:31  Probe  
  108  7:48  Assimilator, Immortal (Chrono Boost)  
  112  7:53  Assimilator  
  112  8:01  Gateway, Pylon  
  112  8:02  Pylon  
  112  8:03  Pylon x2  
  112  8:05  High Templar x2  
  112  8:06  High Templar x2  
  112  8:07  Zealot x2  
  112  8:09  Archon  
  112  8:10  Archon  
  124  8:31  Zealot x3  
  130  8:41  Zealot  
  130  8:42  Nexus, Zealot x3  
  130  8:44  Pylon  
  130  8:48  Gateway x2  
  132  8:49  Gateway  
  132  8:54  High Templar x2  
  136  8:55  High Templar  
  136  8:58  High Templar  
  136  8:59  Archon  
  136  9:02  Archon  
  140  9:06  Probe  
  140  9:08  Immortal  
  145  9:11  Robotics Bay  
  145  9:14  Protoss Ground Weapons Level 2 (Chrono Boost)  
  145  9:16  Forge  
  145  9:23  Zealot x3  
  151  9:41  Pylon  
  151  9:42  Pylon  
  151  9:44  Pylon  
  151  9:46  High Templar x4, Pylon  
  151  9:48  Pylon  
  151  9:51  Archon x2  
  159  9:58  Colossus  
  165  10:01  Extended Thermal Lance  
  165  10:15  Zealot x3  
  165  10:16  Zealot x2  
  175  10:29  Probe x2  
  175  10:30  Probe  
  175  10:35  Zealot  
  164  10:51  Colossus  
  162  11:11  Robotics Facility  
  140  11:31  High Templar x2, Zealot  
  140  11:32  Zealot x3  
  150  11:40  Protoss Ground Weapons Level 3 (Chrono Boost)  
  150  11:41  Protoss Ground Armor Level 1 (Chrono Boost)  
  150  11:46  Observer  
  151  11:50  Shield Battery  
  151  11:51  Pylon  
  151  11:52  Photon Cannon  
  151  11:57  Photon Cannon  
  151  12:00  Gateway  
  151  12:02  Probe x2, Gateway  
  151  12:06  Disruptor, Assimilator  
  156  12:09  Disruptor  
  156  12:11  Assimilator  
  156  12:12  High Templar x2  
  156  12:13  Stalker x3  
  169  12:16  Archon  
  169  12:18  Blink  
  169  12:42  Disruptor  
  169  12:43  Archon  
  172  12:44  Warp Prism  
  134  13:17  Zealot x2  
  134  13:18  Zealot x5  
  134  13:19  Zealot x4  
  124  13:28  Disruptor  
  124  13:29  Disruptor  
  130  13:37  Stalker  
  132  13:42  High Templar x4  
  132  13:43  Zealot x5  
  132  13:44  Zealot  
  132  13:46  Archon x2  
  152  14:05  Immortal x2  
  160  14:16  Zealot x6  
  160  14:17  Zealot x6  
  174  14:18  Nexus  
  174  14:19  Pylon  
  180  14:44  Immortal x2  
  184  14:48  Stalker x3  
  184  14:49  Stalker x5  
  176  15:07  High Templar x2  
  176  15:08  High Templar  
  172  15:23  Immortal x2  
  172  15:26  Sentry x6  
  186  15:28  Archon  
  186  15:31  High Templar  
  188  15:52  Zealot x6  
Tags
 
Add a new tag
Caveats
  • Supply blocks, unpowered buildings, or Contaminate may cause inaccurate times.
  • Supply counts are checked every 10 seconds.